 Dungeon Crawl Stone Soup version 0.31.0-32-g396128a36d (webtiles) character file.

Game seed: 3673533224441344920

41 Jinxx the Grasshopper (level 3, -1/31 HPs)
             Began as a Gnoll Warper on Apr 6, 2024.
             Slain by an ogre
             ... wielding a +0 giant spiked club
              (12 damage)
             ... on level 4 of the Dungeon.
             The game lasted 00:03:16 (1166 turns).

Jinxx the Grasshopper (Gnoll Warper)                Turns: 1166, Time: 00:03:17

Health: -1/31      AC: 13    Str: 10    XL:     3   Next: 52%
Magic:  9/9        EV:  8    Int: 14    God:
Gold:   48         SH:  0    Dex: 11    Spells: 10/12 levels left

rFire   . . .        a - +0 spear
rCold   + . .        (no shield)
rNeg    . . .        g - +0 ice dragon scales
rPois   .            m - +2 helmet
rElec   .            (no cloak)
rCorr   .            (no gloves)
SInv    .            (no boots)
Will    .....        (no amulet) Stlth
                     h - ring of fire
HPRegen 0.25/turn    (no ring)
MPRegen 0.11/turn

%: no passive effects
@: no status effects
A: fangs 1, strong nose, distributed training
a: no special abilities


You were on level 4 of the Dungeon.
You visited 1 branch of the dungeon, and saw 3 of its levels.

You collected 48 gold pieces.

Inventory:

Hand Weapons
 a - a +0 spear (weapon)
Missiles
 d - 7 darts of dispersal (quivered)
Armour
 b - a +0 leather armour
 g - +0 ice dragon scales (worn)
 m - a +2 helmet (worn)
Jewellery
 h - a ring of fire (left hand)
 k - a +4 ring of slaying
Scrolls
 c - a scroll of blinking
 e - a scroll of identify {unknown}
 f - a scroll of summoning {unknown}
 j - a scroll of enchant armour {unknown}
Potions
 i - a potion of enlightenment {unknown}
 l - a potion of haste {unknown}


   Skills:
 + Level 4.5 Fighting
 + Level 0.9 Short Blades
 + Level 0.9 Long Blades
 + Level 0.9 Axes
 + Level 0.9 Maces & Flails
 + Level 4.5 Polearms
 + Level 0.9 Staves
 + Level 0.9 Ranged Weapons
 + Level 2.6 Throwing
 + Level 2.6 Armour
 + Level 4.5 Dodging
 + Level 0.9 Stealth
 + Level 0.9 Shields
 + Level 0.9 Unarmed Combat
 + Level 5.0 Spellcasting
 + Level 0.6 Conjurations
 + Level 0.6 Hexes
 + Level 0.6 Summonings
 + Level 0.6 Necromancy
 + Level 5.4 Translocations
 + Level 0.6 Fire Magic
 + Level 0.6 Ice Magic
 + Level 0.6 Air Magic
 + Level 0.6 Earth Magic
 + Level 0.6 Alchemy
 + Level 1.0 Invocations
 + Level 0.9 Evocations
 + Level 0.7 Shapeshifting


You had 10 spell levels left.
You knew the following spells:

 Your Spells              Type           Power      Damage    Failure   Level
a - Blink                 Tloc           36%        N/A       26%         2

Your spell library contained the following spells:

 Spells                   Type           Power      Damage    Failure   Level
 Lesser Beckoning         Tloc           36%        N/A       26%         2
 Teleport Other           Tloc           18%        N/A       47%         3
 Slow                     Hex            20%        N/A       78%         1
 Manifold Assault         Tloc           18%        N/A       87%         4
 Confusing Touch          Hex            5%         N/A       98%         3
 Sigil of Binding         Hex            5%         N/A       98%         3
 Vampiric Draining        Necr           5%         2d6       98%         3
 Vhi's Electric Charge    Tloc/Air       24%        N/A       99%         4


Dungeon Overview and Level Annotations

Branches:
Dungeon (2/15)

Altars:


Innate Abilities, Weirdness & Mutations

You have very sharp teeth.
Your uncanny sense of smell can sniff out nearby items.
Your experience applies equally to all skills.


Message History

You hit the adder but do no damage.
The adder is almost dead.
The adder barely misses you. The orc hits you but does no damage.
You miss the adder.
The adder is almost dead.
The adder bites you but does no damage.
You closely miss the adder.
The adder is almost dead.
The orc barely misses you. The adder bites you but does no damage.
You miss the adder.
The adder is almost dead.
The orc hits you but does no damage. The adder bites you but does no damage.
You hit the adder but do no damage.
The adder is almost dead.
The adder bites you but does no damage. The orc hits you but does no damage.
Casting: Blink (quite dangerous; 26% risk of failure)
Confirm with . or Enter, or press ? or * to list all spells.
Okay, then.
You hit the adder.
You kill the adder!
The orc barely misses you.
Your Invocations skill increases to level 1!
You hit the ogre.
The ogre is lightly wounded.
The ogre hits you with a +0 giant spiked club!
The orc barely misses you.
You hit the ogre. You bite the ogre, but do no damage.
The ogre is moderately wounded.
The orc hits you but does no damage.
You hit the ogre.
The ogre is heavily wounded.
The ogre hits you with a +0 giant spiked club!
The orc hits you but does no damage.
Casting: Blink (quite dangerous; 26% risk of failure)
Confirm with . or Enter, or press ? or * to list all spells.
Okay, then.
You hit the ogre but do no damage.
The ogre is heavily wounded.
The ogre hits you with a +0 giant spiked club!
You die...

....#.# ...#.# . #. .#
..#.# #. .# #.#.### ..
#.##.####%....
#..#.#............ #
.#.#.#.........o.# .#
.#.#.#...#######O##.#
.....#..........@...####
[.......................
#.....#..#.......#######
#..#..#..#.......#
#.##.............#
#.##.##..##......#
#.##)###.##......#
#.##.............#
.........##......#


You could see an ogre and an orc.

Vanquished Creatures
  An adder (D:4)
  A ball python (D:1)
  3 endoplasms
  2 giant cockroaches (D:1)
  3 goblins
  3 hobgoblins (D:1)
  5 jackals (D:1)
  3 frilled lizards
  5 kobolds
  3 rats (D:1)
29 creatures vanquished.

Notes
Turn   | Place    | Note
-------+----------+-------------------------------------------
     0 | D:1      | Jinxx the Gnoll Warper began the quest for the Orb.
     0 | D:1      | Reached XP level 1. HP: 20/20 MP: 6/6
   220 | D:1      | Reached XP level 2. HP: 22/26 MP: 7/7
   260 | D:1      | Learned a level 2 spell: Blink
   887 | D:1      | Reached skill level 5 in Spellcasting
   887 | D:1      | Reached XP level 3. HP: 31/31 MP: 7/9
  1098 | D:2      | You fall into a shaft and drop 2 floors!
  1147 | D:4      | Noticed an ogre
  1163 | D:4      | Reached skill level 1 in Invocations
  1166 | D:4      | Slain by an ogre

Illustrated notes

Levels and vault maps discovered:
D:1:      ncdulo_halloftheorcs, layout_basic
D:2:      layout_basic, basic_ecumenical_altar
D:4:      layout_basic, mainiacjoe_overflow_alcove_1,
          chequers_temple_overflow_minitemple, serial_shops,
          nicolae_shop_advertising_works [nicolae_subvault_shop_adworks],
          cheibrodos_sewer_entry_bend, minivault_23

Skill      XL: |  1  2  3 |
---------------+----------+-----
Spellcasting   | 5 |  5.0
Invocations    | 1 |  1.0
Fighting       | |  4.5
Short Blades   | |  0.9
Long Blades    | |  0.9
Axes           | |  0.9
Maces & Flails | |  0.9
Polearms       | |  4.5
Staves         | |  0.9
Ranged Weapons | |  0.9
Throwing       | |  2.6
Armour         | |  2.6
Dodging        | |  4.5
Stealth        | |  0.9
Shields        | |  0.9
Unarmed Combat | |  0.9
Conjurations   | |  0.6
Hexes          | |  0.6
Summonings     | |  0.6
Necromancy     | |  0.6
Translocations | |  5.4
Fire Magic     | |  0.6
Ice Magic      | |  0.6
Air Magic      | |  0.6
Earth Magic    | |  0.6
Alchemy        | |  0.6
Evocations     | |  0.9
Shapeshifting  | |  0.7

Action                     || total
---------------------------++-------
  Melee: Spear             ||   137
         Bite              ||    16
   Stab: Sleeping          ||     1
 Armour: Leather armour    ||    16
         Ice dragon scales ||    48
  Dodge: Dodged            ||    54
